 Dungeon Crawl Stone Soup version 0.20.1-1-g8b1a95d (webtiles) character file.

3234 dmj the Slicer (level 9, -5/78 HPs)
             Began as a Grey Draconian Fighter on July 30, 2017.
             Slain by an unseen horror (12 damage)
             ... on level 7 of the Dungeon.
             The game lasted 00:37:54 (7210 turns).

dmj the Slicer (Grey Draconian Fighter)             Turns: 7210, Time: 00:37:55

Health: -5/78      AC: 15    Str: 22    XL:     9   Next: 66%
Magic:  9/9        EV: 12    Int:  7    God:    Xom [...*..]
Gold:   298        SH: 11    Dex: 10    Spells: 8/8 levels left

rFire    + . .     SeeInvis .   a - +2 rapier
rCold    . . .     Gourm    .   b - +1 shield
rNeg     . . .     Faith    .   (armour unavailable)
rPois    .         Spirit   .   (helmet restricted)
rElec    .         Reflect  .   (no cloak)
rCorr    .         Harm     .   u - +0 pair of gloves
MR       .....                  (no boots)
Stlth    +++.......             (no amulet)
Regen    0.3/turn               f - ring of stealth
MPRegen  0.2/turn               e - +2 ring of protection

@: no status effects
A: walk through water, unfitting armour, dopey 1, fire resistance 1, mutation
resistance 1, unbreathing, cold-blooded, AC +12
a: Renounce Religion


You were on level 7 of the Dungeon.
You worshipped Xom.
You were a favourite toy of Xom.
You were not hungry.

You visited 2 branches of the dungeon, and saw 8 of its levels.

You collected 298 gold pieces.

Inventory:

Hand Weapons
 a - a +2 rapier (weapon)
 p - a +1 dagger of distortion
 t - a +0 dagger of electrocution
 B - a +0 arbalest
Missiles
 l - 4 tomahawks of returning
 s - 7 javelins (quivered)
Armour
 b - a +1 shield (worn)
 u - a +0 pair of gloves (worn)
Jewellery
 e - a +2 ring of protection (right hand)
 f - a ring of stealth (left hand)
 g - an uncursed ring of magical power
 o - an uncursed ring of magical power
 v - an uncursed ring of wizardry
Wands
 y - a wand of iceblast (8/15)
Scrolls
 m - 4 scrolls of magic mapping
 r - 4 scrolls of remove curse
Potions
 c - 5 potions of curing
 i - a potion of brilliance
 k - a potion of agility {unknown}
 q - a potion of degeneration
 z - a potion of ambrosia {unknown}
Books
 w - a book of Minor Magic

   Spells                             Type                      Level
   a - Magic Dart                     Conjuration                  1
   b - Blink                          Translocation                2
   c - Call Imp                       Summoning                    2
   d - Slow                           Hexes                        2
   e - Conjure Flame                  Conjuration/Fire             3
   f - Mephitic Cloud                 Conjuration/Poison/Air       3
Comestibles
 d - 2 bread rations
 h - a fruit
 j - 5 meat rations
 n - a royal jelly


   Skills:
 + Level 6.8 Fighting
 + Level 9.1 Short Blades
 + Level 5.7 Dodging
 + Level 2.8 Stealth
 + Level 6.8 Shields


You had 8 spell levels left.
You didn't know any spells.

Dungeon Overview and Level Annotations

Branches:
Dungeon (7/15)             Temple (1/1) D:4

Altars:
Ashenzari
Cheibriados
Dithmenos
Elyvilon
Fedhas
Gozag
Hepliaklqana
Kikubaaqudgha
Makhleb
Nemelex Xobeh
Okawaru
Qazlal
Ru
Trog
Uskayaw
Vehumet
Xom
Zin
The Shining One

Annotations:
D:6 ThePrince's ghost, novice MiBe


Innate Abilities, Weirdness & Mutations

You can walk through water.
Your dull iron-grey scales are very hard. (AC +12)
You cannot fit into any form of body armour.
You can survive without breathing.
You are cold-blooded and may be slowed by cold attacks.
You are dopey. (Int -2)
Your flesh is heat resistant. (rF+)
You are somewhat resistant to further mutation.


Message History

Something hits you but does no damage.
You puncture something! Something completely misses you.
You block something's attack. Something hits you but does no damage.
Something hits you but does no damage. You block something's attack.
You barely miss something.
Your tail-slap misses something.
Something hits you but does no damage. Something hits you!
* * * LOW HITPOINT WARNING * * *
Something hits you but does no damage. Something hits you.
* * * LOW HITPOINT WARNING * * *
Something hits you!
* * * LOW HITPOINT WARNING * * *
You miss something. Something hits you.
* * * LOW HITPOINT WARNING * * *
Something hits you.
* * * LOW HITPOINT WARNING * * *
Something hits you!
You die...

..........##©.#..#...#..#(.#
...###..#####.##...#...##.##
'#####..#####..#########..#
...........##..(#.#.#.#...#
.[........###.#().......#.#
..........###...#.#.#.#...##
##..##...###...#########...#
##'###...# #.#.#.#.#.#.#.#.#
.#.......+ #....@#...#[....#
.#.......# ##..#......)#..##
.#.......# ##...#####...##
##.....###################
##.....####.#######.###
.......)..............#
.........)............#
......................#
##.....##.............#


There were no monsters in sight!

Vanquished Creatures
  A two-headed ogre (D:7)
  A troll (D:7)
  The ghost of Rhok the Chopper, an amateur MiAK of Lugonu (D:4)
  A hippogriff (D:6)
  A water moccasin (D:5)
  2 orc warriors
  The ghost of dmj the Shield-Bearer, an amateur MiFi of Nemelex Xobeh (D:3)
  3 ice beasts
  An ogre (D:6)
  A big kobold (D:7)
  A gnoll sergeant (D:7)
  4 scorpions
  2 howler monkeys
  A crimson imp (D:7)
  2 quasits
  A jelly (D:5)
  4 hounds
  A bullfrog skeleton (D:5)
  5 orc wizards
  2 iguanas
  4 worker ants
  A killer bee zombie (D:7)
  A hound skeleton (D:6)
  8 gnolls (D:7)
  A howler monkey skeleton (D:3)
  6 adders
  A shadow imp (D:5)
  An ooze (D:5)
  An adder zombie (D:7)
  An adder skeleton (D:4)
  A worm (D:2)
  A dart slug (D:3)
  4 leopard geckos
  19 orcs
  4 bats
  5 giant cockroaches
  5 goblins
  4 hobgoblins
  8 jackals
  2 quokkas
  3 frilled lizards
  A jackal zombie (D:5)
  5 kobolds
  A leopard gecko zombie (D:6)
  8 rats
132 creatures vanquished.

Vanquished Creatures (others)
  A bullfrog (D:7)
  An orc priest (D:5)
  An adder skeleton (D:6)
  2 orcs (D:5)
5 creatures vanquished.

Grand Total: 137 creatures vanquished

Notes
Turn   | Place    | Note
-------+----------+-------------------------------------------
     0 | D:1      | dmj the Draconian Fighter began the quest for the Orb.
     0 | D:1      | Reached XP level 1. HP: 19/19 MP: 1/1
   262 | D:1      | Reached XP level 2. HP: 26/26 MP: 2/2
   749 | D:2      | Reached XP level 3. HP: 31/31 MP: 3/3
  1185 | D:3      | Reached skill level 1 in Stealth
  1255 | D:3      | Noticed an ice beast
  1264 | D:3      | Killed an ice beast
  1264 | D:3      | Reached skill level 3 in Short Blades
  1264 | D:3      | Reached XP level 4. HP: 35/40 MP: 4/4
  1264 | D:3      | Reached XP level 5. HP: 41/46 MP: 5/5
  1518 | D:3      | Found a shattered altar of Ashenzari.
  1518 | D:3      | Found a white marble altar of Elyvilon.
  1518 | D:3      | Found an opulent altar of Gozag.
  1576 | D:3      | Noticed dmj's ghost (amateur MiFi)
  1604 | D:3      | Paralysed by dmj's ghost for 7 turns
  1707 | D:3      | Killed dmj's ghost
  1707 | D:3      | Reached skill level 4 in Short Blades
  1707 | D:3      | Reached XP level 6. HP: 21/52 MP: 6/6
  2254 | D:4      | Noticed Rhok's ghost (amateur MiAK)
  2303 | D:4      | Killed Rhok's ghost
  2726 | D:4      | Reached skill level 5 in Short Blades
  2726 | D:4      | Your scales start taking on a dull iron-grey colour.
  2726 | D:4      | Reached XP level 7. HP: 60/60 MP: 7/7
  2726 | D:4      | Gained mutation: You can survive without breathing. [Grey Draconian growth]
  2988 | D:4      | Found a staircase to the Ecumenical Temple.
  3023 | Temple   | Entered the Ecumenical Temple
  3027 | Temple   | Became a worshipper of Xom of Chaos
  3268 | D:5      | Entered Level 5 of the Dungeon
  3283 | D:5      | XOM: cast spell 'Summon Butterflies'
  3289 | D:5      | XOM: harmless Necr miscast
  3293 | D:5      | XOM: silly message
  3441 | D:5      | Noticed Eustachio
  3456 | D:5      | XOM: confuse monster(s)
  3762 | D:5      | Gained mutation: Your spells are a little harder to cast, but a little more powerful. [potion of mutation]
  3762 | D:5      | Gained mutation: You occasionally shout uncontrollably at your foes. [potion of mutation]
  3762 | D:5      | Gained mutation: Your natural rate of healing is unusually fast. [potion of mutation]
  3797 | D:5      | Reached skill level 5 in Fighting
  3798 | D:5      | XOM: potion effect (brilliance)
  3853 | D:5      | Reached skill level 6 in Short Blades
  3934 | D:5      | Noticed Eustachio
  3934 | D:5      | Eustachio changed into Eustachio the hound
  3934 | D:5      | XOM: polymorph Eustachio -> Eustachio the hound
  3943 | D:5      | Killed Eustachio the hound
  3993 | D:5      | XOM: give mutation
  3993 | D:5      | Gained mutation: You are resistant to hostile enchantments. (MR+) [Xom's grace]
  4054 | D:5      | XOM: scenery: create altars
  4081 | D:5      | Found a glowing silver altar of Zin.
  4099 | D:5      | XOM: divine lightning
  4375 | D:5      | Found a shadowy altar of Dithmenos.
  4432 | D:5      | XOM: god gift: leather armour {god gift}
  4457 | D:6      | Reached XP level 8. HP: 68/68 MP: 8/8
  4458 | D:6      | XOM: confuse monster(s)
  4565 | D:6      | XOM: mild Chrm miscast
  4622 | D:6      | Noticed ThePrince's ghost (novice MiBe)
  4626 | D:6      | XOM: enchant monster (good)
  4649 | D:6      | HP: 2/68 [ThePrince's ghost (11)]
  4879 | D:6      | XOM: cloud trail
  5000 | D:6      | XOM: divination: detect items
  5308 | D:6      | Reached skill level 5 in Shields
  5359 | D:6      | XOM: potion effect (agility)
  5364 | D:6      | Noticed a hippogriff
  5389 | D:6      | XOM: scenery: create altars
  5391 | D:6      | Killed a hippogriff
  5391 | D:6      | Reached skill level 7 in Short Blades
  5401 | D:6      | XOM: polymorph crimson imp -> quasit
  5462 | D:6      | XOM: god gift: 51 gold pieces
  5558 | D:7      | XOM: stat loss: -1 Dex (9/10)
  5581 | D:7      | XOM: medium Conj miscast
  5581 | D:7      | Reached skill level 5 in Dodging
  5585 | D:7      | Noticed a troll
  5589 | D:7      | XOM: noise
  5598 | D:7      | Killed a troll
  5691 | D:7      | XOM: noise
  5753 | D:7      | Noticed a two-headed ogre
  5782 | D:7      | Killed a two-headed ogre
  5782 | D:7      | Reached skill level 8 in Short Blades
  5782 | D:7      | Reached XP level 9. HP: 34/78 MP: 9/9
  5847 | D:7      | Lost mutation: Your spells are a little harder to cast, but a little more powerful. [potion of mutation]
  5847 | D:7      | Lost mutation: You occasionally shout uncontrollably at your foes. [potion of mutation]
  5847 | D:7      | Lost mutation: You are resistant to hostile enchantments. (MR+) [potion of mutation]
  5847 | D:7      | Gained mutation: Your flesh is heat resistant. (rF+) [potion of mutation]
  5847 | D:7      | Lost mutation: Your natural rate of healing is unusually fast. [potion of mutation]
  5847 | D:7      | Gained mutation: You are somewhat resistant to further mutation. [potion of mutation]
  5857 | D:7      | Found a transporter.
  6021 | D:7      | Found a transporter.
  6043 | D:7      | XOM: harmless Summ miscast
  6055 | D:7      | XOM: torment (10/78 hp)
  6222 | D:7      | XOM: torment (25/78 hp)
  6648 | D:7      | XOM: give mutation
  6648 | D:7      | Gained mutation: You are dopey. (Int -2) [Xom's mischief]
  6650 | D:7      | Reached skill level 9 in Short Blades
  6748 | D:7      | XOM: summons 2 hostile shadow creatures
  6762 | D:7      | XOM: confuse monster(s)
  7210 | D:7      | Slain by an unseen horror

Skill      XL: |  1  2  3  4  5  6  7  8  9 |
---------------+----------------------------+-----
Dodging        | 3 4 5 |  5.7
Stealth        | 1 2 |  2.8
Short Blades   | 3 4 5 6 8 9 |  9.1
Fighting       | 4 5 6 |  6.8
Shields        | 4 6 |  6.8

Action                   |  1- 3 |  4- 6 |  7- 9 || total
-------------------------+-------+-------+-------++-------
Melee: Rapier            |   104 |   127 |   573 ||   804
       Tailslap          |     5 |    20 |    74 ||    99
  Use: Scroll            |     5 |       |    10 ||    15
       Potion            |       |     1 |    14 ||    15
 Stab: Sleeping          |     4 |     2 |     3 ||     9
       Paralysed         |       |       |     2 ||     2
       Distracted        |       |       |     2 ||     2
  Eat: Bread ration      |     1 |       |     1 ||     2
       Fruit             |       |     2 |     1 ||     3
       Chunk             |       |       |     3 ||     3
       Meat ration       |       |       |     1 ||     1
       Royal jelly       |       |       |     1 ||     1
Armor: Skin              |    39 |    32 |   216 ||   287
Dodge: Dodged            |    48 |    39 |   234 ||   321
Block: Shield            |    60 |    54 |   287 ||   401
